 Dungeon Crawl Stone Soup version 0.29.1-14-g9c671dbff4 (webtiles) character file.

Game seed: 10429928386532513435

0 leafyfresh the Covert (level 1, -1/23 HPs)
             Began as a Gnoll Delver on Feb 15, 2023.
             Slain by a white imp (3 damage)
             ... on level 5 of the Dungeon.
             The game lasted 00:00:17 (15 turns).

leafyfresh the Covert (Gnoll Delver)                  Turns: 15, Time: 00:00:18

Health: -1/23      AC:  3    Str: 11    XL:     1   Next: 0%
Magic:  1/1        EV: 13    Int:  9    God:
Gold:   8          SH:  0    Dex: 13    Spells: 0/0 levels left

rFire   . . .      SeeInvis .   a - +0 short sword
rCold   . . .      Faith    .   (no shield)
rNeg    . . .      Spirit   .   b - +0 leather armour
rPois   .          Reflect  .   (no helmet)
rElec   .          Harm     .   (no cloak)
rCorr   .          Rampage  .   (no gloves)
Will    .....                   (no boots)
Stlth   ++++......              (no amulet)
HPRegen 0.07/turn               (no ring)
MPRegen 0.07/turn               (no ring)

@: no status effects
A: fangs 1, strong nose, distributed training
a: no special abilities


You were on level 5 of the Dungeon.
You visited 1 branch of the dungeon, and saw 1 of its levels.

You collected 8 gold pieces.

Inventory:

Hand Weapons
 a - a +0 short sword (weapon)
Armour
 b - a +0 leather armour (worn)
Wands
 g - a wand of digging (3)
Scrolls
 c - a scroll of fog
 e - a scroll of fear
Potions
 f - a potion of haste


   Skills:
 + Level 6.4 Fighting
 + Level 4.4 Short Blades
 + Level 0.0 Long Blades
 + Level 0.0 Axes
 + Level 0.0 Maces & Flails
 + Level 0.0 Polearms
 + Level 0.0 Staves
 + Level 0.0 Ranged Weapons
 + Level 0.0 Throwing
 + Level 0.0 Armour
 + Level 4.4 Dodging
 + Level 9.5 Stealth
 + Level 0.0 Shields
 + Level 0.0 Unarmed Combat
 + Level 0.0 Spellcasting
 + Level 0.0 Conjurations
 + Level 0.0 Hexes
 + Level 0.0 Summonings
 + Level 0.0 Necromancy
 + Level 0.0 Translocations
 + Level 0.0 Transmutations
 + Level 0.0 Fire Magic
 + Level 0.0 Ice Magic
 + Level 0.0 Air Magic
 + Level 0.0 Earth Magic
 + Level 0.0 Poison Magic
 + Level 0.0 Invocations
 + Level 0.0 Evocations


You couldn't memorise any spells.
You didn't know any spells.
Your spell library was empty.

Dungeon Overview and Level Annotations

Branches:
Dungeon (5/15)
 Temple: D:4-7

Altars:


Innate Abilities, Weirdness & Mutations

You have very sharp teeth.
Your uncanny sense of smell can sniff out nearby items.
Your experience applies equally to all skills.


Message History

You hear the hiss of flowing sand.
There is an entrance to an ossuary on this level.
Hurry and find it before the portal is buried!
Welcome, leafyfresh the Gnoll Delver.
The heart of this dungeon contains the majestic artefact, the Orb of Zot.
Press ? for a list of commands and other information.
Found 8 gold pieces.
Found a stone staircase leading down.
As you read the scroll of magic mapping, it crumbles to dust.
You feel aware of your surroundings.
You sensed 2 altars, and 2 shops/portals.
Unknown command.
Unknown command.
An iguana comes into view.
You see here 8 gold pieces.
You now have 8 gold pieces.
A white imp comes into view.
Found a trident.
The iguana hisses angrily.
Found 9 gold pieces.
You hit the iguana but do no damage. You punch the iguana, but do no damage.
You hit the iguana but do no damage. The iguana closely misses you.
You hit the iguana but do no damage. The iguana closely misses you.
You hit the iguana but do no damage. The iguana bites you!
Ouch! That really hurt!
The white imp hits you. The white imp freezes you.
You hit the iguana.
The iguana is lightly wounded.
The white imp gestures at you. The puff of frost hits you!
* * * LOW HITPOINT WARNING * * *
The iguana closely misses you.
You closely miss the iguana.
The iguana is lightly wounded.
The white imp hits you.
You die...

,,,,,,,,,,,,,,,,,,,,,*,~,~~,,,~*,
,,,,,,***..$......#*.#~,,~,~~~~*,
,,,,*****#.)......#..#,,~,,,~,~*,
,,,,,,,,*,........#..***********,
,*,****+***#......#.,,,,,,,,,,,,,
**,+,,,,,,,+.......#,***********,
,,,*,*,,,*,#.......#,*,~,~,,~~~*,
,,,*,*,_,*,#...5l..#**~~~~~~,,~*,
,,,*,*,,,*,#....@..###~~~~,~,~,*,
,,,+,,,,,,,+.........#####******,
,,,****+####....#.........,*,,,,,
,,,,,,,.....#.............,***,,,
,,,*,,,...................,,**,,,
*******...................,,*****
*,.......>...........,,,,,,,
*,.................##**,,,,*
*,.................# *,>,,*


You could see an iguana and a white imp.

Vanquished Creatures (others)
  4 fungi (D:5)
4 creatures vanquished.

Notes
Turn   | Place    | Note
-------+----------+-------------------------------------------
     0 | D:5      | Reached skill level 9 in Stealth
     0 | D:5      | leafyfresh the Gnoll Delver began the quest for the Orb.
     0 | D:5      | Reached XP level 1. HP: 23/23 MP: 1/1
     2 | D:5      | Noticed an iguana
    15 | D:5      | Slain by a white imp

Illustrated notes

Levels and vault maps discovered:
D:5:      layout_basic, mainiacjoe_overflow_six_doors_small,
          mainiacjoe_overflow_alcove_1, serial_aquarium,
          aquarium_bridge_straight [aquarium_subvault_bridge,
          aquarium_subvault_wall, aquarium_subvault_bridge,
          aquarium_subvault_wall], aquarium_bridge_island_small
          [aquarium_subvault_small_open, aquarium_subvault_window,
          aquarium_subvault_bridge, aquarium_subvault_bridge,
          aquarium_subvault_bridge], aquarium_window_2, aquarium_window_fake,
          aquarium_view_2f, enter_ossuary_1, dk_noncrumbling_4,
          minmay_shop_enchanted_jewellery

Skill      XL: | |
---------------+-+-----
Stealth        | |  9.5
Fighting       | |  6.4
Short Blades   | |  4.4
Dodging        | |  4.4

Action                   || total
-------------------------++-------
Melee: Short sword       ||     6
       Punch             ||     1
  Use: Scroll            ||     1
Dodge: Dodged            ||     3
